 Dungeon Crawl Stone Soup version 0.27-b1-42-g19c61b19a5 (webtiles) character file.

Game seed: 13637209247456572611

100 snetch the Magician (level 5, 0/31 HPs)
             Began as a Djinni Fire Elementalist on July 29, 2021.
             Was a Believer of Hepliaklqana.
             Slain by Sigmund (4 damage)
             ... on level 4 of the Dungeon.
             The game lasted 00:10:10 (3084 turns).

snetch the Magician (Djinni Fire Elementalist)      Turns: 3084, Time: 00:10:10

Health: 0/31       AC:  4    Str:  7    XL:     5   Next: 3%
Gold:   140        EV: 11    Int: 18    God:    Hepliaklqana [**....] SH:  0 Dex: 13

rFire    + + +     SeeInvis .   a - staff of fire
rCold    x . .     Faith    +   (no shield)
rNeg     . . .     Spirit   .   t - +0 leather armour
rPois    ∞         Reflect  .   p - +0 helmet
rElec    .         Harm     .   (no cloak)
rCorr    .         Rampage  .   (no gloves)
Will     .....                  (boots unavailable)
Stlth    ++........             k - amulet of faith
HPRegen  0.10/turn              (no ring)
MPRegen  0.00/turn              (no ring)

@: flying
A: reduced essence, sickness immunity, fire resistance 2, cold vulnerability 1,
float, innate caster, hp casting, extra vitality 1
a: Renounce Religion, Recall Ancestor, Ancestor Identity


You were on level 4 of the Dungeon.
You worshipped Hepliaklqana.
Hepliaklqana was pleased with you.
You visited 1 branch of the dungeon, and saw 4 of its levels.

You collected 140 gold pieces.

Inventory:

Missiles
 c - 8 sling bullets
 d - 21 arrows
 h - 22 bolts
 i - 59 stones
 n - 17 poisoned darts
Armour
 g - a +0 helmet
 j - a +0 ring mail
 l - a +2 tower shield
 p - a +0 helmet (worn)
 t - a +0 leather armour (worn)
Magical Staves
 a - a staff of fire (weapon)
Jewellery
 k - an amulet of faith (around neck)
Scrolls
 b - 2 scrolls of identify {unknown}
 f - 2 scrolls of teleportation {unknown}
 m - a scroll of noise {unknown}
 q - a scroll of enchant armour {unknown}
 r - a scroll of enchant weapon {unknown}
Potions
 e - 2 potions of cancellation {unknown}
 o - a potion of curing {unknown}
 s - a potion of might {unknown}
 u - a potion of magic {unknown}


   Skills:
 + Level 2.6 Dodging
 + Level 2.1 Stealth
 + Level 3.8 Spellcasting


You couldn't memorise any spells.
You knew the following spells:

 Your Spells              Type           Power      Damage    Failure   Level
a - Foxfire               Conj/Fire      100%       2x1d9     4%          1
b - Conjure Flame         Conj/Fire      25%        6-21      14%         3
c - Inner Flame           Hex/Fire       25%        N/A       14%         3
d - Sticky Flame          Conj/Fire      25%        2d5       43%         4
e - Fireball              Conj/Fire      12%        3d7       78%         5
f - Pain                  Necr           68%        1d7       4%          1
g - Ensorcelled Hibernat  Hex/Ice        34%        N/A       7%          2
Your spell library was empty.

Dungeon Overview and Level Annotations

Branches:
Dungeon (4/15)
 Temple: D:4-7

Altars:
Hepliaklqana

Annotations:
D:4 Sigmund


Innate Abilities, Weirdness & Mutations

Your life essence is reduced to manifest your ancestor. (-10% HP)
You are immune to sickness and miasma.
You are immune to poison.
Your flesh is very heat resistant. (rF++)
You are vulnerable to cold. (rC-)
You float through the air rather than walking.
You learn spells naturally, not from books.
Your magical power is your life essence.
You have superior vitality. (+4 HP)


Message History

A kobold and Sigmund come into view.
Found 27 gold pieces.
There is a stone staircase leading up here.
You feel a surge of power!
You conjure some foxfire!
You feel a surge of power!
You conjure some foxfire!
The foxfire hits the kobold.
You kill the kobold!
The foxfire hits Sigmund but does no damage.
Sigmund looks at you with fury.
You feel a surge of power!
You conjure some foxfire!
The foxfire hits Sigmund.
Sigmund is lightly wounded.
The foxfire hits Sigmund!
Sigmund is moderately wounded.
Sigmund hits you from afar with a +0 scythe.
You feel a surge of power!
You conjure some foxfire!
The foxfire hits Sigmund.
Sigmund is moderately wounded.
The foxfire hits Sigmund but does no damage.
Sigmund is moderately wounded.
Sigmund hits you from afar with a +0 scythe.
You feel a surge of power!
You conjure some foxfire!
The foxfire hits Sigmund.
Sigmund is moderately wounded.
The foxfire hits Sigmund.
Sigmund is moderately wounded.
Sigmund hits you from afar with a +0 scythe!
Unknown command.
Are you sure you want to remember your ancestor as a knight?
It is so.
The foxfire hits Sigmund.
Sigmund is heavily wounded.
The foxfire hits Sigmund.
Sigmund is heavily wounded.
Dagmar hits Sigmund with a +0 flail.
Sigmund hits you from afar with a +0 scythe!
* * * LOW HITPOINT WARNING * * *
Dagmar closely misses Sigmund.
Dagmar hits Sigmund with a +0 flail.
Found a scroll labelled PYQIET PARPHOJO.
Dagmar completely misses Sigmund.
Sigmund hits you from afar with a +0 scythe.
You die...

.... .....
#........ ....
#........
#..####........
##..............
#............$..
###............
##.@.........##
#?...@R...<...###
###..............$
#.......).......
#.............##.
#.##...........#
#.................
##....###.........
##.### #.......##


You could see the friendly Dagmar the knight and Sigmund (ally target).

Vanquished Creatures
  An adder (D:2)
  A dart slug (D:2)
  3 orcs (D:3)
  3 ball pythons
  5 bats (D:1)
  6 endoplasms
  A giant cockroach (D:1)
  5 hobgoblins (D:1)
  A quokka (D:2)
  4 frilled lizards
  14 goblins
  6 kobolds
  5 rats
55 creatures vanquished.

Vanquished Creatures (collateral kills)
  Robin (D:2)
  A worm (D:2)
  A ball python (D:2)
  An endoplasm (D:2)
  4 goblins (D:2)
  2 hobgoblins (D:2)
10 creatures vanquished.

Vanquished Creatures (others)
  179 foxfires
179 creatures vanquished.

Grand Total: 244 creatures vanquished

Notes
Turn   | Place    | Note
-------+----------+-------------------------------------------
     0 | D:1      | snetch the Djinni Fire Elementalist began the quest for the
                  | Orb.
     0 | D:1      | Reached XP level 1. HP: 15/15 MP: 0/0
   161 | D:2      | Noticed Robin
   175 | D:1      | Reached XP level 2. HP: 3/21 MP: 0/0
   619 | D:1      | Reached skill level 3 in Spellcasting
   621 | D:1      | Reached XP level 3. HP: 6/25 MP: 0/0
   621 | D:1      | Learned a level 1 spell: Pain
  1757 | D:2      | You are sucked into a shaft and drop 1 floor!
  1950 | D:3      | Found a faded altar of an unknown god.
  1951 | D:3      | Reached XP level 4. HP: 28/31 MP: 0/0
  1965 | D:3      | Became a worshipper of Hepliaklqana the Forgotten
  1965 | D:3      | Reached * piety under Hepliaklqana
  2178 | D:2      | Killed Robin
  2813 | D:2      | Reached XP level 5. HP: 29/31 MP: 0/0
  2813 | D:2      | Learned a level 2 spell: Ensorcelled Hibernation
  3064 | D:3      | Reached ** piety under Hepliaklqana
  3069 | D:4      | Noticed Sigmund
  3075 | D:4      | Remembered your ancestor Dagmar as a knight
  3084 | D:4      | Slain by Sigmund

Illustrated notes

Levels and vault maps discovered:
D:1:      eino_arrival_cavern_a, layout_basic, chequers_serial_rivers_micro_e,
          roderic_roman_lattice, st_stairs_6
D:2:      layout_loops_cross, uniq_robin
D:3:      layout_basic, serial_shops, nicolae_shop_statue_plus,
          nicolae_lakefront_shop, shop, nicolae_shop_stone,
          shapermc_ecumenical_altar_acropolis
D:4:      layout_cave_pools, uniq_eustachio, uniq_natasha, uniq_sigmund

Skill      XL: |  1  2  3  4 |
---------------+-------------+-----
Spellcasting   | 3 |  3.8
Stealth        | 2 |  2.1
Dodging        | |  2.6

Action                   |  1- 3 |  4- 6 || total
-------------------------+-------+-------++-------
Melee: Staff             |       |     3 ||     3
 Cast: Foxfire           |    70 |    53 ||   123
       Pain              |     2 |       ||     2
Invok: Ancestor Life: Kn |       |     1 ||     1
Armor: Robe              |     8 |     2 ||    10
       Leather armour    |       |     4 ||     4
Dodge: Dodged            |    24 |     5 ||    29
